 Dungeon Crawl Stone Soup version 0.20-a0-274-g7b51309 (webtiles) character file.

49 PurpleRed the Skirmisher (level 3, -5/31 HPs)
             Began as a Centaur Fighter on Dec 13, 2016.
             Slain by Sigmund
             ... wielding a +0 scythe
              (10 damage)
             ... on level 2 of the Dungeon.
             The game lasted 00:03:09 (1079 turns).

PurpleRed the Skirmisher (Centaur Fighter)          Turns: 1079, Time: 00:03:10

Health: -5/31      AC:  6    Str: 16 (19) XL:     3   Next: 53%
Magic:  3/3        EV:  4    Int: 10 (11) God:
Gold:   133        SH:  7    Dex:  6 (8)  Spells: 2/2 levels left

rFire  . . .     SeeInvis .     a - +0 war axe
rCold  . . .     Gourm    .     b - +0 scale mail
rNeg   . . .     Faith    .     c - +0 shield
rPois  .         Spirit   .     (no helmet)
rElec  +         Reflect  .     (no cloak)
rCorr  .         Harm     .     (no gloves)
MR     .....                    (no barding)
Stlth  ..........               (no amulet)
                                (no ring)
                                (no ring)

@: exhausted, slowed
A: hooves 3, clever 2, deformed body, speed 2, electricity resistance, tough
skin 3
a: no special abilities


You were on level 2 of the Dungeon.
You were not hungry.

You visited 1 branch of the dungeon, and saw 2 of its levels.

You collected 133 gold pieces.

Inventory:

Hand Weapons
 a - a +0 war axe (weapon)
Armour
 b - a +0 scale mail (worn)
 c - a +0 shield (worn)
Scrolls
 e - a scroll of recharging {unknown}
 l - 3 scrolls of identify {unknown}
 m - a scroll of enchant weapon {unknown}
 n - a scroll of blinking {unknown}
Potions
 d - a potion of might
 i - 2 potions of mutation
 j - a potion of lignification
Comestibles
 f - a bread ration
 k - 3 fruits


   Skills:
 + Level 3.6 Fighting
 * Level 3.0 Axes
 - Level 2.1 Armour
 - Level 2.1 Shields


You had 2 spell levels left.
You didn't know any spells.

Dungeon Overview and Level Annotations

Branches:
Dungeon (2/15)

Altars:

Annotations:
D:2 Sigmund


Innate Abilities, Weirdness & Mutations

You have hooves in place of feet.
Armour fits poorly on your strangely shaped body.
You cover ground very quickly.
You have extremely tough skin. (AC +3)
Your mind is very acute. (Int +4)
You are resistant to electric shocks. (rElec)


Message History

You start resting.
HP restored.
A magic dart appears from out of thin air!
The magic dart hits you! Something hits you but does no damage.
You start resting.
Something hits you but does no damage.
You start resting.
Something hits you.
You start resting.
Something hits you but does no damage.
You start resting.
Something hits you.
You start resting.
Something hits you.
You start resting.
You feel less wooden.
Your +0 scale mail unmelds from your body.
A magic dart appears from out of thin air!
The magic dart hits you!
You start resting.
You hear some strange, mumbled words.
A puff of flame appears from out of thin air!
The puff of flame hits you!
* * * LOW HITPOINT WARNING * * *
You start resting.
Something hits you!
You die...

######..##.........#.......#
##.##.........[......##
#..#.........##.....##
###[#.).......#.......#
.##............##...[...#
..(..............#.......#
...####...........##)....##
#. ##.....{.)..##.....#
#.......@.......g<#
#......[...##..>..#
####.........#......#
#..........###..#####
..###...####....# .
###.###..@.## #..##..###
##.#...# #.....#


There were no monsters in sight!

Vanquished Creatures
  Jessica (D:2)
  4 giant cockroaches
  4 goblins
  2 hobgoblins
  6 kobolds (D:1)
  2 frilled lizards (D:1)
  3 rats
22 creatures vanquished.

Notes
Turn   | Place    | Note
-------+----------+-------------------------------------------
     0 | D:1      | PurpleRed the Centaur Fighter began the quest for the Orb.
     0 | D:1      | Reached XP level 1. HP: 19/19 MP: 1/1
   199 | D:1      | Reached XP level 2. HP: 26/26 MP: 2/2
   867 | D:2      | Noticed Jessica
  1035 | D:2      | Noticed Sigmund
  1056 | D:2      | Gained mutation: Your mind is acute. (Int +2) [potion of mutation]
  1056 | D:2      | Gained mutation: Your mind is very acute. (Int +4) [potion of mutation]
  1056 | D:2      | Gained mutation: You are resistant to electric shocks. (rElec) [potion of mutation]
  1058 | D:2      | Killed Jessica
  1058 | D:2      | Reached XP level 3. HP: 30/31 MP: 3/3
  1079 | D:2      | Slain by Sigmund

Vault maps used:
D:1:      noname_arrival_rooms_in_the_neighbourhood
D:2:      uniq_sigmund, uniq_jessica

Skill      XL: |  1  2 |
---------------+-------+-----
Axes           | 2 3 |  3.0
Fighting       | |  3.6
Armour         | |  2.1
Shields        | |  2.1

Action                   || total
-------------------------++-------
Melee: War axe           ||    59
       Kick              ||     7
  Use: Potion            ||     5
Armor: Scale mail        ||    22
       Skin              ||     9
Dodge: Dodged            ||    15
Block: Shield            ||    22
